 Dungeon Crawl Stone Soup version 0.21.1-1-g345015fe64 (webtiles) character file.

171 Htamos the Gusty (level 5, -2/28 HPs)
             Began as a Tengu Air Elementalist on July 10, 2018.
             Slain by Grinder (4 damage)
             ... while paralysed by Grinder
             ... on level 4 of the Dungeon.
             The game lasted 00:08:26 (3590 turns).

Htamos the Gusty (Tengu Air Elementalist)           Turns: 3590, Time: 00:08:26

Health: -2/28      AC:  2    Str:  9    XL:     5   Next: 51%
Magic:  1/12       EV:  2    Int: 16    God:
Gold:   208        SH:  0    Dex: 14    Spells: 11/12 levels left

rFire    . . .     SeeInvis .   (no weapon)
rCold    . . .     Gourm    .   (no shield)
rNeg     . . .     Faith    .   a - +0 robe
rPois    .         Spirit   .   (helmet restricted)
rElec    .         Reflect  .   (no cloak)
rCorr    .         Harm     .   (no gloves)
MR       .....                  (boots unavailable)
Stlth    ++........             (no amulet)
HPRegen  0.09/turn              (no ring)
MPRegen  0.13/turn              (no ring)

@: paralysed, berserk cooldown, slowed
A: beak, talons 3, able to fly 1
a: Fly


You were on level 4 of the Dungeon.
You were not hungry.

You visited 1 branch of the dungeon, and saw 4 of its levels.

You collected 208 gold pieces.

Inventory:

Hand Weapons
 o - a +2 vampiric long sword
Armour
 a - a +0 robe (worn)
 d - a +0 chain mail
 l - a +0 pair of boots
Jewellery
 i - an uncursed ring of stealth {unknown}
Scrolls
 e - 2 scrolls of enchant armour {unknown}
 h - 5 scrolls of identify {unknown}
 m - a scroll of enchant weapon {unknown}
 p - 2 scrolls of fog {unknown}
 r - 2 scrolls of remove curse {unknown}
 t - 2 scrolls of teleportation {unknown}
Potions
 f - a potion of might {unknown}
 g - a potion of invisibility {unknown}
 j - a potion of lignification {unknown}
 k - a potion of berserk rage
 n - a potion of curing
 q - a potion of haste {unknown}
 v - a potion of flight {unknown}
Books
 b - a book of Air

   Spells                             Type                      Level
   a - Shock                          Conjuration/Air              1
   b - Swiftness                      Charms/Air                   2
   c - Static Discharge               Conjuration/Air              3
   d - Airstrike                      Air                          4
   e - Lightning Bolt                 Conjuration/Air              5
 s - a book of Callings

   Spells                             Type                      Level
   a - Summon Small Mammal            Summoning                    1
   b - Call Imp                       Summoning                    2
   c - Call Canine Familiar           Summoning                    3
   d - Summon Guardian Golem          Hexes/Summoning              3
   e - Summon Lightning Spire         Summoning/Air                4
   f - Summon Ice Beast               Ice/Summoning                4
Comestibles
 c - 6 rations
 u - 3 chunks of flesh


   Skills:
 - Level 2.2 Dodging
 - Level 2.1 Stealth
 * Level 4.2 Spellcasting
 - Level 1.4 Conjurations
 + Level 5.6 Air Magic


You had 11 spell levels left.
You knew the following spells:

 Your Spells              Type           Power        Failure   Level  Hunger
a - Shock                 Conj/Air       ##..         3%          1    None


Dungeon Overview and Level Annotations

Branches:
Dungeon (4/15)
 Temple: D:4-7

Altars:
Dithmenos
Gozag

Shops:
D:4 !

Annotations:
D:4 Grinder


Innate Abilities, Weirdness & Mutations

You have a beak for a mouth.
You have claws for feet.
You can fly.


Message History

Confirm with . or Enter, or press ? or * to list all spells.
You don't have enough magic to cast that spell.
Casting: Shock
Confirm with . or Enter, or press ? or * to list all spells.
You don't have enough magic to cast that spell.
Unknown command.
It was a potion of berserk rage.
A red film seems to cover your vision as you go berserk!
You feel yourself moving faster!
You feel mighty!
You feel a strong urge to attack something.
You feel your anger nearly subside.
You are no longer berserk.
You are exhausted.
You feel yourself slow down. Grinder gestures at you.
You suddenly lose the ability to move!
Grinder hits you.
* * * LOW HITPOINT WARNING * * *
You writhe in agony.
You die...

+#.....#######
#. +.....# #.
#.....# +.
#.....# #.
#.....+ #. #.
##+#.....# #.
##..#
#......### ##
......#......#
......'.@5...#
......#......#
#.##. #......#
# ######....
.... .... ..


You could see Grinder.

Vanquished Creatures
  An orc priest (D:3)
  4 gnolls (D:3)
  3 adders
  A worm (D:4)
  5 leopard geckos
  5 orcs (D:3)
  2 giant cockroaches
  4 goblins
  9 hobgoblins
  2 jackals (D:2)
  11 kobolds
  A quokka (D:3)
  3 ball pythons (D:3)
  2 bats (D:1)
  6 frilled lizards
  12 rats
71 creatures vanquished.

Notes
Turn   | Place    | Note
-------+----------+-------------------------------------------
     0 | D:1      | Htamos the Tengu Air Elementalist began the quest for the Orb.
     0 | D:1      | Reached XP level 1. HP: 10/10 MP: 4/4
   357 | D:1      | Reached XP level 2. HP: 15/15 MP: 0/6
   943 | D:1      | Reached XP level 3. HP: 19/19 MP: 4/7
  1347 | D:2      | Found a shadowy altar of Dithmenos.
  1833 | D:2      | Found an opulent altar of Gozag.
  2185 | D:3      | Reached skill level 5 in Air Magic
  2413 | D:3      | Reached XP level 4. HP: 24/24 MP: 6/9
  3025 | D:3      | Gained mutation: You can fly. [Tengu growth]
  3025 | D:3      | Reached XP level 5. HP: 28/28 MP: 8/11
  3483 | D:4      | Found Xuicotio's Distillery.
  3566 | D:4      | Noticed Grinder
  3567 | D:4      | Paralysed by Grinder for 5 turns
  3589 | D:4      | Paralysed by Grinder for 2 turns
  3590 | D:4      | Slain by Grinder

Skill      XL: |  1  2  3  4  5 |
---------------+----------------+-----
Spellcasting   | 3 4 |  4.2
Air Magic      | 5 |  5.6
Dodging        | |  2.2
Stealth        | |  2.1
Conjurations   | |  1.4

Action                   |  1- 3 |  4- 6 || total
-------------------------+-------+-------++-------
Melee: Unarmed           |       |     4 ||     4
       Kick              |       |     2 ||     2
       Peck              |       |     1 ||     1
 Cast: Shock             |    84 |    97 ||   181
  Use: Potion            |       |     1 ||     1
  Eat: Chunk             |     5 |     4 ||     9
Armor: Robe              |     2 |     2 ||     4
Dodge: Dodged            |     9 |    14 ||    23
